 Dungeon Crawl Stone Soup version 0.25.1-1-g288607f (webtiles) character file.

Game seed: 1482843700978957816

87 Lancus the Shooter (level 4, 0/34 HPs)
             Began as a Human Hunter on Oct 31, 2020.
             Succumbed to a scorpion's poison
             ... on level 3 of the Dungeon.
             The game lasted 00:25:14 (2161 turns).

Lancus the Shooter (Human Hunter)                   Turns: 2161, Time: 00:25:15

Health: 0/34       AC:  4    Str: 13    XL:     4   Next: 80%
Magic:  4/4        EV: 12    Int: 11    God:
Gold:   224        SH:  0    Dex: 14    Spells: 3/3 levels left

rFire    . . .     SeeInvis .   a - +1 shortbow
rCold    . . .     Gourm    .   (shield currently unavailable)
rNeg     . . .     Faith    .   j - +1 leather armour
rPois    .         Spirit   .   (no helmet)
rElec    .         Reflect  .   (no cloak)
rCorr    .         Harm     .   (no gloves)
MR       .....                  (no boots)
Stlth    +.........             (no amulet)
HPRegen  0.11/turn              (no ring)
MPRegen  0.09/turn              (no ring)

@: mighty, lethally poisoned (0 -> -5)
A: no striking features
a: no special abilities


You were on level 3 of the Dungeon.
You were not hungry.

You visited 1 branch of the dungeon, and saw 4 of its levels.

You collected 224 gold pieces.

Inventory:

Hand Weapons
 a - a +1 shortbow (weapon)
 b - a +0 short sword
 g - a +0 dagger
 n - a +2 mace of protection
Missiles
 d - 55 arrows (quivered)
Armour
 c - a +0 leather armour
 j - a +1 leather armour (worn)
Jewellery
 l - a cursed ring of attention {unknown}
Scrolls
 h - a scroll of remove curse
 o - 2 scrolls of magic mapping
Comestibles
 p - 3 rations
 q - a chunk of flesh


   Skills:
 + Level 2.7 Fighting
 + Level 5.2 Bows
 + Level 0.8 Armour
 + Level 2.3 Dodging
 + Level 1.0 Stealth


You had 3 spell levels left.
You didn't know any spells.
Your spell library was empty.

Dungeon Overview and Level Annotations

Branches:
Dungeon (4/15)
 Temple: D:4-7

Altars:
Elyvilon

Annotations:
D:2 Sigmund


Message History

You feel sick.
As you read the scroll labeled TAHYSSELEA, it crumbles to dust.
You feel as if something is helping you.
It was a scroll of remove curse.
* * * LOW HITPOINT WARNING * * *
You feel sick. The scorpion misses you.
As you read the scroll labeled DUGYBIGRIM, it crumbles to dust.
It is a scroll of enchant armour.
Your +0 leather armour glows green for a moment.
The scorpion barely misses you.
As you read the scroll labeled ZOTWAC HUTUISS, it crumbles to dust.
You feel aware of your surroundings.
It was a scroll of magic mapping.
* * * LOW HITPOINT WARNING * * *
You feel sick. The scorpion closely misses you.
As you read the scroll of teleportation, it crumbles to dust.
You feel strangely unstable.
* * * LOW HITPOINT WARNING * * *
You feel sick. The scorpion barely misses you.
Your surroundings suddenly seem different.
You die...

#########################
#...........@...........#
##
#.##...........########.#
#. *,*#.#####.###.# #.#
#. #.*#.# #.# #.# #.# #.
#.*#.# #.# #.# #.# #.
#.*#.# #.# #.# ###.# #.
#.##.### #.# #.# #...# #.
#.>....# #.#
#.#****#.######.
#......###.#
*.......#..รท....


There were no monsters in sight!

Vanquished Creatures
  4 adders
  A worm (D:2)
  A leopard gecko (D:1)
  2 orcs (D:3)
  A ball python (D:2)
  4 bats
  2 giant cockroaches (D:3)
  6 goblins
  4 hobgoblins
  8 kobolds
  A quokka (D:3)
  2 frilled lizards (D:1)
  10 rats
46 creatures vanquished.

Vanquished Creatures (others)
  A dart slug (D:3)
  A hobgoblin (D:3)
2 creatures vanquished.

Grand Total: 48 creatures vanquished

Notes
Turn   | Place    | Note
-------+----------+-------------------------------------------
     0 | D:1      | Lancus the Human Hunter began the quest for the Orb.
     0 | D:1      | Reached XP level 1. HP: 16/16 MP: 1/1
    38 | D:1      | Reached XP level 2. HP: 22/22 MP: 2/2
   466 | D:1      | Reached XP level 3. HP: 27/27 MP: 3/3
   852 | D:2      | Noticed Sigmund
  1516 | D:3      | Reached XP level 4. HP: 34/34 MP: 4/4
  1695 | D:3      | Reached skill level 5 in Bows
  1898 | D:3      | Found a white marble altar of Elyvilon.
  2158 | D:3      | HP: 1/34 [poisoned by a scorpion]
  2161 | D:3      | Succumbed to a scorpion's poison

Illustrated notes

Levels and vault maps discovered:
D:1:      dpeg_arrival_central, layout_loops_ring
D:2:      layout_loops_cross, marbit_many_paths, uniq_sigmund
D:3:      minmay_angry_zag, layout_loops_ring, elyvilon_altar_4, first_ration
D:4:      layout_basic, kennysheep_mini_moat, st_stairs_7

Skill      XL: |  1  2  3  4 |
---------------+-------------+-----
Bows           | 5 |  5.2
Fighting       | |  2.7
Armour         | |  0.8
Dodging        | |  2.3
Stealth        | |  1.0

Action                   |  1- 3 |  4- 6 || total
-------------------------+-------+-------++-------
 Fire: Shortbow          |   106 |    42 ||   148
  Use: Potion            |     4 |     3 ||     7
       Scroll            |     2 |     5 ||     7
  Eat: Ration            |     1 |       ||     1
Armor: Leather armour    |    26 |     1 ||    27
Dodge: Dodged            |    69 |    15 ||    84
